[Event "4NCL Div 1 2024-25"]
[Site "England"]
[Date "2024.11.23"]
[Round "1.13"]
[White "Grieve, Harry"]
[Black "Jarocka, Liwia"]
[Result "1-0"]
[Annotator "TA"]
[ECO "B15"]
[WhiteElo "2464"]
[BlackElo "2267"]
[PlyCount "77"]
[EventDate "2024.11.23"]
[EventType "team-tourn"]
[EventCountry "ENG"]
[SourceTitle "playchess.com"]
[Source "ChessBase"]
[SourceQuality "1"]
[TimeControl "40/6000+30:3000+30"]

1. e4 c6 2. d4 d5 3. Nd2 dxe4 4. Nxe4 Nf6 5. Nxf6+ exf6 6. c3 Bd6 7. Bd3 O-O 8. Qc2 {[%emt 0:00:04] Active counter play!} Re8+ 9. Ne2 h5 10. O-O h4 {[%emt 0:00:39] White is slightly better.} 11. h3 Bc7 12. Bd2 Nd7 13. Rae1 Nf8 14. f4 g6 15. f5 g5 16. c4 Qd6 17. c5 $36 {[%emt 0:00:07][%mdl 2048] White has some pressure.} Qh2+ {[%emt 0:01:22] White stays focused until the end.} 18. Kf2 {[%emt 0:00:02][%cal Bg1f2,Bf2e2,Be2d1][%mdl 32] And now Rh1 would win.} Rxe2+ 19. Kxe2 $16 Bg3 {[%emt 0:00:45] [#]} 20. Kd1 $1 Bxe1 21. Bxe1 ({Worse is} 21. Rxe1 Qxg2 22. Re7 Qf3+ (22... Qxh3 23. Qb3 $17) 23. Kc1 Qxh3 $17) 21... Bd7 22. Bc3 Be8 23. Qe2 Qc7 (23... Nh7 $142 24. Kc1 Nf8) 24. Rf3 $18 b6 (24... Bd7 {was worth a try.} 25. d5 cxd5) 25. b4 Bd7 26. Qe7 Nh7 $2 (26... Qd8 27. Re3 Be8) 27. Bc4 {[%emt 0:01:53] White is clearly winning.} Rf8 {[%emt 0:00:00] [#]} 28. Be6 $1 fxe6 (28... Qh2 29. Bxd7) 29. fxe6 Qd8 30. Qxd7 Qxd7 31. exd7 {[%emt 0:00:02][%mdl 4096] Endgame. KRB-KRN} Rd8 {[%emt 0:00:00] [#]} 32. b5 $1 Rxd7 33. bxc6 Rd8 34. cxb6 axb6 35. Rd3 {[%emt 0:00:17] d5 is the strong threat.} Nf8 36. d5 {[%emt 0:00:19][%cal Bd4d5,Bd5d6][%mdl 32] Strongly threatening d6!} Kf7 37. Kc2 Rc8 38. Kb3 Ng6 39. d6 {[%emt 0:01:35] Weighted Error Value: White=0.06 (flawless) /Black=0.40.  Mistake:       	---       	Black=4      Inaccurate:     	White=1     	Black=3      OK:         	White=6     	Black=5      Best:        	White=1     	Black=2      Brilliant:      	White=1     	---} 1-0

[Event "4NCL Div 1 2024-25"]
[Site "England"]
[Date "2024.11.23"]
[Round "1.14"]
[White "Banerjee, Supratit"]
[Black "Cyborowski, Lukasz"]
[Result "0-1"]
[Annotator "RC"]
[ECO "B07"]
[WhiteElo "2141"]
[BlackElo "2454"]
[PlyCount "114"]
[EventDate "2024.11.23"]
[EventType "team-tourn"]
[EventCountry "ENG"]
[SourceTitle "playchess.com"]
[Source "ChessBase"]
[SourceQuality "1"]
[TimeControl "40/6000+30:3000+30"]

1. e4 d6 2. d4 Nf6 3. Bd3 g6 4. Nf3 Bg7 5. O-O O-O 6. Re1 Nc6 7. c3 e5 8. Nbd2 Nh5 9. Nb3 a5 10. a4 exd4 11. Nfxd4 Re8 12. Nxc6 bxc6 13. Be3 Nf6 14. f3 Nd7 15. Qd2 Ne5 16. Rad1 Bd7 17. Be2 c5 18. Nxc5 dxc5 19. f4 Qe7 20. fxe5 Bxa4 21. Ra1 Bc6 22. Bc4 Bxe5 23. Qf2 Rf8 24. Bxc5 Bd6 25. Bd4 Be5 26. Rad1 Rad8 27. Bc5 Bd6 28. Rxd6 cxd6 29. Bd4 Rde8 30. Bf6 Qc7 31. Qf4 Re6 32. Bd4 Re5 33. Bxe5 dxe5 34. Qf6 Bb7 35. Ba2 Bc6 36. h4 Bb5 37. h5 Qc6 38. Qxe5 gxh5 39. Rd1 Qb6+ 40. Kh1 Be2 41. Bxf7+ Rxf7 42. Qg5+ Qg6 43. Rd8+ Kg7 44. Qe5+ Qf6 45. Qg3+ Bg4 46. Rd5 Qf4 47. Qxf4 Rxf4 48. Rxa5 Rxe4 49. Rc5 Re2 50. b4 Kf6 51. Rc7 Bf5 52. Kh2 h4 53. c4 h3 54. Kg3 Rxg2+ 55. Kf3 Rg1 56. Rc6+ Kg5 57. Rc7 h2 0-1

[Event "4NCL Div 1 2024-25"]
[Site "England"]
[Date "2024.11.23"]
[Round "1.15"]
[White "Galyas, Miklos"]
[Black "Patel, Zain"]
[Result "1/2-1/2"]
[Annotator "TA"]
[ECO "A30"]
[WhiteElo "2374"]
[BlackElo "2083"]
[PlyCount "99"]
[EventDate "2024.11.23"]
[EventType "team-tourn"]
[EventCountry "ENG"]
[SourceTitle "playchess.com"]
[Source "ChessBase"]
[SourceQuality "1"]
[TimeControl "40/6000+30:3000+30"]

1. Nf3 Nf6 2. g3 b6 3. Bg2 Bb7 4. O-O c5 5. c4 e6 6. Nc3 Be7 7. d4 cxd4 8. Qxd4 O-O 9. Rd1 Nc6 10. Qf4 Rc8 11. b3 $1 Ba8 12. Bb2 a6 13. e4 d6 14. Rac1 h6 (14... Qd7 $14) 15. h3 (15. Ba3 $16) 15... Nh7 (15... Qd7 $14) 16. h4 f5 (16... Nf6 $16 {is a better defense.}) 17. exf5 Rxf5 18. Qe3 Nf8 19. Ne4 (19. Na4 $18 Rb8 20. Nd4 Nxd4 21. Qxd4) 19... Qc7 20. Nd4 {[%emt 0:01:24] White is much more active.} Rf7 21. Re1 (21. Ne2 $16) 21... Ne5 (21... Nxd4 $14 22. Bxd4 Nd7) 22. Qe2 Ned7 (22... Re8 $16 {might work better.}) 23. Rcd1 (23. Bh3 $18 {is more deadly.}) 23... Nf6 (23... e5 $142) 24. Nc3 (24. Nxf6+ $16 Bxf6 25. Bxa8 (25. Nxe6 $2 Nxe6 26. Qxe6 Bxb2 $19) 25... Rxa8 26. Ba3 (26. Nxe6 $2 Nxe6 27. Bc1 Bd4 $19)) 24... Bxg2 $14 25. Kxg2 Qb7+ 26. Kg1 Rc5 27. Na4 (27. Nxe6 $2 Re5 28. Qd2 Rxe6 $19 (28... Nxe6 $2 29. Nd5 $19)) ({Better is} 27. Ba3 $16 Ra5 28. Bb2) 27... Re5 $15 28. Qf3 Ne4 29. Qh1 {[%emt 0:00:35] Threatens to win with f4.} Bf6 (29... Rxf2 30. Rxe4 Rxb2 31. Rxe5 Qxh1+ 32. Kxh1 $16) (29... d5 $1 $17 30. Re2 b5 31. cxd5 bxa4 32. Rxe4 Rxd5) 30. Re2 {[%emt 0:04:18] Black must now prevent f4.} ({Don't blunder} 30. Nc6 $2 Nxf2 31. Kxf2 Bxh4+ 32. Kg1 Rxe1+ (32... Bxg3 $2 {too greedy.} 33. Nxe5 Qxh1+ 34. Kxh1 $18) 33. Rxe1 Bxg3 $19) (30. Ne2 {feels hotter.} Rf5 31. Bxf6 R5xf6 32. Nec3) 30... Nc5 (30... d5 $11 {remains equal.}) 31. Qxb7 $16 Rxb7 32. Nc3 Rxe2 $1 33. Ndxe2 Rd7 34. Bc1 Ng6 35. Kg2 Kf7 36. Be3 Ne5 37. f4 Ng4 38. Bg1 {[%emt 0:00:06] And now b4 would win.} Bd8 ({Black should try} 38... Bxc3 $14 39. Nxc3 a5) 39. b4 Nb7 {[%emt 0:00:03] [#]} 40. c5 bxc5 $14 41. bxc5 {[%emt 0:50:01] Hoping for c6.} Rc7 42. cxd6 Rd7 43. Ne4 $36 {[%emt 0:00:00][%mdl 2048] White is on the roll.} Nf6 44. N2c3 {[%emt 0:00:00] White wants to play Bd4.} Ba5 45. Nxf6 gxf6 46. Ne4 Bb4 $1 47. Rc1 (47. Rb1 $5 a5 $8 48. Rd1 $14 (48. Bd4 f5 $14)) 47... Nxd6 48. Rd1 {[%emt 0:00:00] Strongly threatening Bb6.} a5 $2 {[%emt 0:00:00][%mdl 8192] [#]} (48... Ke7 $1 $11 {and Black is okay.} 49. Nxd6 Rxd6 50. Rxd6 Kxd6) 49. a4 $2 (49. Bb6 $1 $18) 49... Ke7 50. Nxd6 {[%emt 0:00:58] Weighted Error Value: White=0.37/Black=0.38.  Loses game:     	---       	Black=1      Missed win:     	White=1     	---        Mistake:       	White=7     	Black=9      Inaccurate:     	White=2     	---        OK:         	White=7     	Black=10     Best:        	White=3     	Black=6      Strong:       	---       	Black=2} 1/2-1/2

[Event "4NCL Div 1 2024-25"]
[Site "England"]
[Date "2024.11.23"]
[Round "1.16"]
[White "Lalic, Peter D"]
[Black "Terbe, Julianna"]
[Result "1/2-1/2"]
[Annotator "RC"]
[ECO "A00"]
[WhiteElo "2131"]
[BlackElo "2225"]
[PlyCount "361"]
[EventDate "2024.11.23"]
[EventType "team-tourn"]
[EventCountry "ENG"]
[SourceTitle "playchess.com"]
[Source "ChessBase"]
[SourceQuality "1"]
[TimeControl "40/6000+30:3000+30"]

1. Nc3 d5 2. d3 d4 3. Nb1 e5 4. e4 dxe3 5. Bxe3 Nc6 6. Nc3 Nf6 7. Nf3 Be7 8. Be2 O-O 9. O-O Re8 10. d4 exd4 11. Nxd4 Nxd4 12. Qxd4 Qxd4 13. Bxd4 Bf5 14. Nb5 Bd8 15. Bf3 Bxc2 16. Rfc1 Be4 17. Bxf6 gxf6 18. Nxc7 Bxc7 19. Rxc7 b6 20. Rd1 a5 21. Bxe4 Rxe4 22. g3 Re2 23. Rdd7 Rf8 24. b3 Rxa2 25. Rc6 Rb2 26. Rxb6 a4 27. Ra7 axb3 28. Rab7 Kg7 29. Rxb3 Rxb3 30. Rxb3 h5 31. Kg2 Ra8 32. Rb4 Kg6 33. Rb5 Ra2 34. Rb8 Kg7 35. Rc8 Rb2 36. Ra8 Rc2 37. Kf3 Rc3+ 38. Ke4 Rc2 39. Ke3 Rc3+ 40. Kd2 Rb3 41. Re8 Rb1 42. Re4 Kg6 43. Ke2 Rh1 44. Rh4 Ra1 45. Kf3 Ra3+ 46. Kg2 Ra2 47. Rd4 Rb2 48. Rd8 Kg7 49. Rd4 Kg6 50. Rf4 Ra2 51. Kh3 Rb2 52. Kh4 Rb5 53. Rf3 Rb4+ 54. Kh3 Rb2 55. Rf4 Kg5 56. Kg2 Kg6 57. Re4 Ra2 58. Kf3 Rb2 59. Re2 Rb3+ 60. Re3 Rb2 61. Re2 Rb3+ 62. Kg2 Ra3 63. Re8 Kg7 64. Re4 Kg6 65. Rf4 Ra2 66. Kh3 Kg5 67. Rf3 Rb2 68. Kg2 Kg6 69. Ra3 Rc2 70. Ra8 Kg7 71. Rb8 Ra2 72. Rc8 Rb2 73. Rd8 Ra2 74. Rd3 Rb2 75. Re3 Ra2 76. Rd3 Rb2 77. Ra3 Rc2 78. h3 Rc4 79. Kf3 Rb4 80. Re3 Kg6 81. Re4 Rb2 82. Rf4 Rb3+ 83. Ke4 Rb4+ 84. Ke3 Rb3+ 85. Ke2 Ra3 86. Rd4 Rb3 87. Rd3 Rb2+ 88. Rd2 Rb3 89. Rd3 Rb2+ 90. Kf3 Rb4 91. Rc3 Ra4 92. Rb3 Rc4 93. Ra3 Rb4 94. Ke3 Rb2 95. Rd3 Ra2 96. Rb3 Rc2 97. Ra3 Rb2 98. Kf3 Rc2 99. Rd3 Rc4 100. Rd8 Kg7 101. Re8 Ra4 102. Re4 Ra3+ 103. Kg2 Kg6 104. Rh4 Kg5 105. Rd4 Kg6 106. Rc4 Rb3 107. Ra4 Rc3 108. Ra7 Rc4 109. Rb7 Ra4 110. Re7 Rb4 111. Kf1 Rb1+ 112. Re1 Rb2 113. Re4 Rb3 114. Rc4 Ra3 115. Kg2 Rb3 116. g4 hxg4 117. Rxg4+ Kh6 118. Rh4+ Kg6 119. Rg4+ Kh6 120. Rg8 Ra3 121. Rf8 Kg7 122. Rb8 Kg6 123. Rb5 Ra4 124. Rc5 Rb4 125. Ra5 Rc4 126. Rd5 Rb4 127. Rc5 Ra4 128. Rb5 Rc4 129. Kg3 Rc3+ 130. Kh2 Rc2 131. Kg2 Rc4 132. Ra5 Rb4 133. Ra8 Rb3 134. Rc8 Ra3 135. Rb8 Rc3 136. Re8 Ra3 137. Rd8 Rb3 138. Rd7 Ra3 139. Rc7 Rb3 140. Ra7 Rc3 141. Kh2 Rc2 142. Kg3 Rc3+ 143. Kg2 Rb3 144. Rd7 Ra3 145. Rd2 Rb3 146. Ra2 Rc3 147. Ra1 Rb3 148. Rc1 Ra3 149. Rd1 Rb3 150. Re1 Ra3 151. Rh1 Kh5 152. Rb1 Kg6 153. Rb6 Ra4 154. Rd6 Rb4 155. Rd2 Rb3 156. Re2 Ra3 157. Re3 Ra4 158. Rg3+ Kh6 159. Rg8 Ra3 160. f3 Ra4 161. Kg3 f5 162. h4 f6 163. Rf8 Kg7 164. Rb8 Kg6 165. Rb5 Rc4 166. Ra5 Rb4 167. Kh3 Rc4 168. Rb5 Ra4 169. Rd5 Rb4 170. Rc5 Ra4 171. Rb5 Rc4 172. Ra5 Rb4 173. Rd5 Ra4 174. Kg3 Rb4 175. Rc5 Ra4 176. Rc8 Rb4 177. Rg8+ Kh7 178. Ra8 Kg6 179. Rg8+ Kh7 180. Rc8 Kg6 181. Rg8+ 1/2-1/2

[Event "4NCL Div 1 2024-25"]
[Site "England"]
[Date "2024.11.23"]
[Round "1.17"]
[White "Slaby, Jerzy"]
[Black "Rendle, Thomas E"]
[Result "0-1"]
[Annotator "TA"]
[ECO "A09"]
[WhiteElo "2468"]
[BlackElo "2383"]
[PlyCount "58"]
[EventDate "2024.11.23"]
[EventType "team-tourn"]
[EventCountry "ENG"]
[SourceTitle "playchess.com"]
[Source "ChessBase"]
[SourceQuality "1"]
[TimeControl "40/6000+30:3000+30"]

1. Nf3 d5 2. g3 g6 3. c4 dxc4 4. Na3 Bg7 5. Nxc4 Nc6 6. Bg2 e5 7. d3 {[%emt 0:02:05] [#]} e4 $1 8. dxe4 {[%emt 0:18:15] Hoping for Qb3. The position is equal.} Qxd1+ 9. Kxd1 Nf6 10. Nfd2 Ng4 (10... Be6 $15) 11. Ke1 $11 Nb4 12. Kf1 Be6 $1 {[%emt 0:03:02][%mdl 1024] Black has compensation.} 13. h3 {[%emt 0:16:33] [#]} O-O-O $1 {[%emt 0:01:29] White must now prevent ...Bxc4.} 14. Na3 (14. hxg4 Nc2) 14... Ne5 {[%emt 0:09:39] Black has more active pieces. The white rooks are passive.} 15. f4 Nec6 16. Kf2 Nd4 {[%emt 0:04:17][%cal Od4c2] Inhibits Nb3.} 17. Nb3 Ndc2 (17... Nxb3 $17 18. axb3 Bd4+ (18... Bxb3 19. e5 $17) 19. e3 Nd3+ 20. Kf3 Nxc1 (20... Bxb2 21. Bxb2 Nxb2 22. Nb5 $16) 21. exd4 Nxb3) 18. Nxc2 Nxc2 19. Rb1 a5 {[%emt 0:00:59] aiming for ...a4.} 20. f5 gxf5 21. Bg5 (21. exf5 {simplifies} Bxb3 22. axb3 Bd4+ 23. e3) 21... a4 $36 {[%emt 0:02:06][%mdl 2048] Black has good play.} 22. Na5 {[%emt 0:04:01][%mdl 8192] [#] This costs White the game.} (22. Bxd8 $2 axb3 23. exf5 Bd4+ (23... Bxf5 $2 24. Bg5 $19) (23... bxa2 $2 24. fxe6 axb1=Q 25. Rxb1 $19) 24. Kf3 Bd5+ (24... Bxf5 $2 25. axb3 Rxd8 26. h4 $19) (24... bxa2 $2 25. fxe6 axb1=R 26. Rxb1 $19) 25. e4 bxa2 $19 (25... Rxd8 26. exd5 Rxd5 27. axb3 $11)) (22. exf5 $1 $11 Bxf5 (22... axb3 23. fxe6 Rdg8 24. Bf4 $14) 23. Na5 (23. Bxd8 $2 axb3 24. Bg5 bxa2 $19)) 22... Bd4+ $1 $19 23. e3 {[%emt 0:00:39] [#]} Bb6 24. Bxd8 {[%emt 0:01:33] Black is clearly winning.} Rxd8 25. exf5 (25. Rbd1 $142 Rxd1 (25... Bxa5 $2 26. Rxd8+ Kxd8 27. Rc1 $19) (25... Bxe3+ 26. Ke2 $16) 26. Rxd1 Nxe3 (26... Bxa5 $2 27. exf5 Bxa2 28. Be4 $19) 27. Rd3 Nxg2+ (27... Bxa2 28. Rxe3 Bxa5 29. Ke2 $17) 28. Kxg2 Bxa5 29. g4) 25... Rd2+ (25... Bxe3+ 26. Kf1 Bxa2 27. Bxb7+ Kb8 28. Nc6+ Kxb7 29. Nxd8+ $11) 26. Kf3 Bd5+ (26... Bxf5 $2 {too greedy.} 27. Nc4 Bxe3 28. Nxd2 (28. Nxe3 Nxe3 29. Kxe3 Rxg2 $11) 28... Bxd2 29. Rbd1 $18) 27. e4 Bxa2 {[%emt 0:00:14] ...Rf2+ is the strong threat.} 28. Rbd1 Rf2+ 29. Kg4 Ne3+ {[%emt 0:00:09] Weighted Error Value: White=0.85/Black=0.08 (flawless) .  Loses game:     	White=1     	---        Mistake:       	White=1     	Black=2      Inaccurate:     	White=3     	---        OK:         	White=3     	Black=10     Best:        	White=4     	Black=1      Strong:       	---       	Black=2} 0-1

[Event "4NCL Div 1 2024-25"]
[Site "England"]
[Date "2024.11.23"]
[Round "1.19"]
[White "Makkar, Rajat"]
[Black "Foisor, Mihaela-Veronica"]
[Result "1-0"]
[Annotator "TA"]
[ECO "D24"]
[WhiteElo "2432"]
[BlackElo "2156"]
[PlyCount "53"]
[EventDate "2024.11.23"]
[EventType "team-tourn"]
[EventCountry "ENG"]
[SourceTitle "playchess.com"]
[Source "ChessBase"]
[SourceQuality "1"]
[TimeControl "40/6000+30:3000+30"]

1. d4 d5 2. c4 e6 3. Nf3 Nf6 4. Nc3 dxc4 5. e4 c5 6. d5 exd5 7. e5 Nfd7 8. Qxd5 Nb6 9. Qxd8+ Kxd8 10. Bg5+ Be7 11. O-O-O+ Bd7 12. Nb5 {[%emt 0:07:19] The position is equal.} Nc6 13. Nd6 Kc7 14. Bxe7 Nxe7 15. Nxf7 Rhf8 16. Nd6 Be6 17. Ng5 Bg8 (17... Bd5 $11 {is superior.}) 18. g3 $36 {[%emt 0:08:13][%mdl 2048] White fights for an advantage.} (18. Be2 {is more complex.} Rxf2 19. Bf3 Na4 20. Nde4) 18... Rxf2 19. Nge4 Rff8 20. Bh3 {[%emt 0:05:15][%mdl 1024] White has compensation.} (20. Bg2 $5) 20... Kc6 (20... a6 $14) 21. Nc3 $16 {[%emt 0:07:19] White has more active pieces.} Rf2 {[%emt 0:10:43][%mdl 8192] [#] Dodges Bg2+. This costs Black the game.} (21... Bd5 $16) 22. Nde4 $1 $18 {[%emt 0:02:51] aiming for Rd6+. White is clearly winning.} Rf5 23. Rd6+ Kc7 24. Nb5+ Kc8 25. Rhd1 Nbd5 26. Bxf5+ Nxf5 27. R6xd5 {[%emt 0:00:11] Weighted Error Value: White=0.11 (very precise) /Black=0.20 (precise) .  Loses game:     	---       	Black=1      Mistake:       	---       	Black=2      Inaccurate:     	White=1     	Black=1      OK:         	White=6     	Black=5      Best:        	---       	Black=2      Strong:       	White=1     	---} 1-0

[Event "4NCL Div 1 2024-25"]
[Site "England"]
[Date "2024.11.23"]
[Round "1.20"]
[White "Lentzos, Ioanis"]
[Black "Roberson, Peter T"]
[Result "0-1"]
[Annotator "TA"]
[ECO "B13"]
[WhiteElo "2126"]
[BlackElo "2432"]
[PlyCount "110"]
[EventDate "2024.11.23"]
[EventType "team-tourn"]
[EventCountry "ENG"]
[SourceTitle "playchess.com"]
[Source "ChessBase"]
[SourceQuality "1"]
[TimeControl "40/6000+30:3000+30"]

1. c4 c5 2. Nf3 Nc6 3. e3 Nf6 4. Nc3 a6 5. d4 cxd4 6. exd4 d5 7. cxd5 Nxd5 8. Qb3 {[%emt 0:03:53] B13: Caro-Kann: Exchange Variation and Panov-Botvinnik Attack.} e6 9. Bd3 Be7 10. O-O O-O 11. Nxd5 exd5 12. Be3 Bf6 $146 ({Predecessor:} 12... Bg4 13. Ne5 Nxe5 14. dxe5 b5 15. h3 Bh5 16. f4 f6 17. Qc2 h6 18. Bg6 Bxg6 19. Qxg6 {1-0 Decuigniere,T (2292)-Piliczewski,B (1938) Titled Tuesday intern op 01st Feb-A blitz 2022 (4)}) 13. h3 Qd6 14. Rac1 Rb8 15. Rc5 Be6 16. Rfc1 Qd7 17. a3 h6 18. Bf4 (18. Bc2 $14) 18... Nxd4 19. Nxd4 Bxd4 20. Rc7 (20. R5c2 $5) 20... Qd8 21. Bb1 (21. Bh7+ $15 Kxh7 22. Qd3+ (22. Rxb7 $2 Rxb7 23. Qxb7 Qf6 $19) 22... Kg8 23. Qxd4) 21... Qf6 $17 22. Qd3 g6 (22... Qxf4 23. Qh7#) 23. Bxh6 (23. Qg3 $17) 23... Rfc8 $2 (23... Bxf2+ 24. Kh2 Qe5+ 25. Kh1 $17) (23... Qxf2+ $19 24. Kh1 Rfc8) 24. Rxc8+ $15 Rxc8 25. Rxc8+ Bxc8 26. Qd2 (26. Qe2 $15) 26... Bxb2 $17 27. Qxd5 Bxa3 28. Bg5 Qd6 29. Qe4 Qe6 30. Qd3 Be7 31. Be3 (31. Bd2 {is a better defense.}) 31... Bd7 32. Ba2 Qd6 33. Qe4 Bc6 34. Qg4 {[%emt 0:00:03] Repels Qd1+} (34. Qc4 {was necessary.} Qf6 35. Bf4) 34... Kg7 35. h4 Bd7 (35... Qd7 $19 {has better winning chances.} 36. Bd4+ Bf6 37. Bxf6+ Kxf6 38. Qf4+ Qf5 39. Qd4+ Qe5 (39... Ke7 $2 40. f3 $19) 40. Qxe5+ Kxe5 41. Bxf7 a5) 36. Bd4+ (36. Qf3 $17 Bf6 (36... Bxh4 37. Qxf7+ Kh8 38. Qg8#) 37. Qxb7) 36... Kg8 (36... Kh7 $1 $19 {and Black stays clearly on top.} 37. Qe4 Bc6) 37. Qf3 $17 Be6 ({Not} 37... Qxd4 38. Qxf7+ Kh8 39. Qg8#) (37... Bf5 $1 $17 38. Bd5 Bxh4) 38. Bxe6 $11 Qxe6 39. Qxb7 {[%emt 0:00:09] Strongly threatening Qb8+.} Bf8 ({Worse is} 39... Bxh4 40. Qb8+) 40. Qa7 {[%emt 0:01:30] [#]} (40. g3 $11 {remains equal.}) 40... Qe4 (40... Qe1+ $1 $17 41. Kh2 Qe7) 41. Qb6 (41. g3 $11) 41... Qxh4 (41... Qe1+ $1 $15 42. Kh2 Qb4) 42. g3 $11 Qh5 43. Qf6 a5 44. Kg2 (44. Bc3 $11 {keeps the balance.}) 44... a4 $17 45. f3 {[%emt 0:00:00] [#]} Qh6 $1 46. f4 a3 {[%emt 0:00:00][%cal Og6g5] aiming for ...g5!} 47. g4 $2 (47. Qe5 $17) 47... a2 $2 (47... Bg7 48. Qd8+ Kh7 49. Bxg7 Qxg7 (49... Kxg7 $2 50. Qd4+ Kh7 51. Qa4 $19) 50. Qh4+ Kg8 51. Qd8+ Qf8) 48. Be5 (48. Qe5 $142) 48... g5 $19 {[%emt 0:00:00] ( -> ...Qxf6)} 49. fxg5 (49. Qd8 $19 gxf4 50. Kf3) 49... Qxf6 50. gxf6 Kh7 51. Kf3 Kg6 52. g5 Ba3 53. Ke4 Bc1 54. Kd3 Bxg5 55. Kc2 Bxf6 0-1

[Event "4NCL Div 1 2024-25"]
[Site "England"]
[Date "2024.11.23"]
[Round "1.21"]
[White "Ghasi, Ameet K"]
[Black "Kalavannan, Koby"]
[Result "1-0"]
[Annotator "RC"]
[ECO "B27"]
[WhiteElo "2503"]
[BlackElo "2225"]
[PlyCount "55"]
[EventDate "2024.11.23"]
[EventType "team-tourn"]
[EventCountry "ENG"]
[SourceTitle "playchess.com"]
[Source "ChessBase"]
[SourceQuality "1"]
[TimeControl "40/6000+30:3000+30"]

1. Nf3 g6 2. e4 c5 3. Bc4 Bg7 4. c3 e6 5. d4 cxd4 6. Bb3 Ne7 7. cxd4 d5 8. e5 b5 9. Nc3 Bd7 10. h4 b4 11. Ne2 h5 12. Bg5 Nbc6 13. Rc1 Qb6 14. O-O Nf5 15. Bc2 Nce7 16. Nf4 Bb5 17. Re1 a5 18. Bb1 O-O 19. Bxe7 Nxe7 20. Ng5 Bh6 21. Nxh5 gxh5 22. Qxh5 Kg7 23. Re3 Be8 24. Rg3 Ng6 25. Nxf7 Kxf7 26. Qxh6 Ke7 27. Bxg6 Bf7 28. Qg7 1-0

[Event "4NCL Div 1 2024-25"]
[Site "England"]
[Date "2024.11.23"]
[Round "1.22"]
[White "Birtwistle, Nigel"]
[Black "Hryshchenko, Kamila"]
[Result "0-1"]
[Annotator "NA RC"]
[ECO "A49"]
[WhiteElo "2041"]
[BlackElo "2138"]
[PlyCount "78"]
[EventDate "2024.11.23"]
[EventType "team-tourn"]
[EventCountry "ENG"]
[SourceTitle "playchess.com"]
[Source "ChessBase"]
[SourceQuality "1"]
[TimeControl "40/6000+30:3000+30"]

1. d4 d6 2. Nf3 g6 3. g3 Bg7 4. Bg2 Nf6 5. O-O O-O 6. b3 Nc6 7. Bb2 a6 8. d5 Nb8 9. c4 c5 10. dxc6 bxc6 11. Nc3 a5 12. Nd4 Qc7 13. Qd2 Bd7 14. Rac1 Na6 15. Na4 Rfd8 16. Rfd1 e5 17. Nc2 Bf5 18. Bc3 Nc5 19. Nxc5 dxc5 20. Qe1 Rxd1 21. Qxd1 Bh6 22. e3 Ne4 23. Be1 Nd6 24. Qe2 e4 25. Bc3 Bg7 26. Qe1 h5 27. h3 Bxc3 28. Qxc3 Qe7 29. Rd1 f6 30. Qb2 Nf7 31. Ne1 Kg7 32. Kh2 Qc7 33. Kg1 Ng5 34. Qd2 Nxh3+ 35. Bxh3 Bxh3 36. Qd6 Qxd6 37. Rxd6 Ra6 38. Nc2 Bg4 39. Na3 a4 0-1

[Event "4NCL Div 1 2024-25"]
[Site "England"]
[Date "2024.11.23"]
[Round "1.23"]
[White "Price, Gwilym"]
[Black "Murphy, Hugh W"]
[Result "1-0"]
[Annotator "RC"]
[ECO "B12"]
[WhiteElo "2223"]
[BlackElo "2005"]
[PlyCount "67"]
[EventDate "2024.11.23"]
[EventType "team-tourn"]
[EventCountry "ENG"]
[SourceTitle "playchess.com"]
[Source "ChessBase"]
[SourceQuality "1"]
[TimeControl "40/6000+30:3000+30"]

1. e4 c6 2. d4 d5 3. e5 Bf5 4. Nf3 e6 5. Be2 Be7 6. a4 h5 7. O-O Nh6 8. Na3 Nd7 9. c4 g5 10. Ne1 h4 11. Nec2 Qc7 12. Ne3 Bg6 13. Bd2 Nf5 14. cxd5 exd5 15. Nxf5 Bxf5 16. f4 gxf4 17. Bxf4 Be6 18. Qd2 O-O-O 19. b4 Rdg8 20. Nb5 Qb8 21. Nd6+ Bxd6 22. exd6 Rg6 23. Kh1 Rhg8 24. Rf2 Kd8 25. Bd3 Rg4 26. Rc1 Nb6 27. b5 Nc4 28. Bxc4 dxc4 29. h3 R4g6 30. d7 Qa8 31. bxc6 c3 32. Qxc3 b6 33. Qf3 Rf6 34. Bg5 1-0

[Event "4NCL Div 1 2024-25"]
[Site "England"]
[Date "2024.11.23"]
[Round "1.24"]
[White "McCarthy, Kevin C"]
[Black "Purton, Ben J"]
[Result "1/2-1/2"]
[Annotator "RC"]
[ECO "A34"]
[WhiteElo "1954"]
[BlackElo "2179"]
[PlyCount "32"]
[EventDate "2024.11.23"]
[EventType "team-tourn"]
[EventCountry "ENG"]
[SourceTitle "playchess.com"]
[Source "ChessBase"]
[SourceQuality "1"]
[TimeControl "40/6000+30:3000+30"]

1. c4 c5 2. g3 Nf6 3. Bg2 d5 4. cxd5 Nxd5 5. Nc3 Nxc3 6. bxc3 Nc6 7. Nf3 e5 8. d3 Be7 9. O-O O-O 10. Qc2 Be6 11. a4 f6 12. Ba3 Rc8 13. Rfd1 Qd7 14. Rab1 Rfd8 15. Nd2 b6 16. Nf1 Nb4 1/2-1/2

[Event "4NCL Div 1 2024-25"]
[Site "England"]
[Date "2024.11.23"]
[Round "1.25"]
[White "Kovchan, Alexander"]
[Black "Pert, Nicholas"]
[Result "1/2-1/2"]
[Annotator "TA"]
[ECO "B32"]
[WhiteElo "2453"]
[BlackElo "2527"]
[PlyCount "27"]
[EventDate "2024.11.23"]
[EventType "team-tourn"]
[EventCountry "ENG"]
[SourceTitle "playchess.com"]
[Source "ChessBase"]
[SourceQuality "1"]
[TimeControl "40/6000+30:3000+30"]

1. e4 c5 2. Nf3 Nc6 3. d4 cxd4 4. Nxd4 e5 5. Nb5 d6 6. c4 Be6 7. N1c3 a6 8. Na3 g6 9. Nd5 Bg7 10. Be3 Nd4 11. Qa4+ Bd7 12. Qb4 Bc6 13. Bd3 Nf6 14. Nc2 {[%emt 0:08:32] Weighted Error Value: White=0.00 (flawless) /Black=0.02 (flawless) .  Inaccurate:     	White=1     	---        OK:         	White=3     	Black=4} 1/2-1/2